 Dungeon Crawl Stone Soup version 0.21-a0-529-g8c7b3f5d53 (webtiles) character file.

12 Banto the Skirmisher (level 2, 0/26 HPs)
             Began as a Demigod Wanderer on Dec 10, 2017.
             Slain by a gnoll
             ... wielding a +0 whip
              (4 damage)
             ... on level 2 of the Dungeon.
             The game lasted 00:00:20 (107 turns).

Banto the Skirmisher (Demigod Wanderer)              Turns: 107, Time: 00:00:21

Health: 0/26       AC:  2    Str: 16    XL:     2   Next: 9%
Magic:  5/5        EV: 13    Int: 14    God:
Gold:   14         SH:  0    Dex: 16    Spells: 1/1 levels left

rFire    . . .     SeeInvis .   a - +2 short sword
rCold    . . .     Gourm    .   (no shield)
rNeg     . . .     Faith    .   d - +0 robe
rPois    .         Spirit   .   (no helmet)
rElec    .         Reflect  .   (no cloak)
rCorr    .         Harm     .   (no gloves)
MR       .....                  (no boots)
Stlth    +.........             (no amulet)
HPRegen  0.08/turn              (no ring)
MPRegen  0.09/turn              (no ring)

@: no status effects
A: high mp 1
a: no special abilities


You were on level 2 of the Dungeon.
You were not hungry.

You visited 1 branch of the dungeon, and saw 2 of its levels.

You collected 14 gold pieces.

Inventory:

Hand Weapons
 a - a +2 short sword (weapon)
 b - a +0 spear
Armour
 d - a +0 robe (worn)
Jewellery
 e - a +3 amulet of reflection {unknown}
Scrolls
 g - a scroll of enchant weapon {unknown}
 h - a scroll of random uselessness {unknown}
Potions
 c - a potion of lignification
Comestibles
 f - a bread ration


   Skills:
 + Level 3.1 Fighting
 + Level 2.8 Short Blades
 + Level 1.0 Throwing
 + Level 2.0 Dodging
   Level 1.0 Evocations


You had one spell level left.
You didn't know any spells.

Dungeon Overview and Level Annotations

Branches:
Dungeon (2/15)


Innate Abilities, Weirdness & Mutations

You have an increased reservoir of magic. (+10% MP)


Message History

You hit the gnoll.
You kill the gnoll!
Your Fighting skill increases to level 3!
You have reached level 2!
The rat bites you but does no damage.
You regained 5 hp, and now have 16/26 hp.
MP restored: 5 You hit the gnoll.
The gnoll is moderately wounded.
The gnoll hits you with a whip. x2; The rat closely misses you.
You take 5 damage, and have 11/26 hp.
You barely miss the gnoll.
The gnoll is moderately wounded.
The gnoll hits you with a whip!
* * * LOW HITPOINT WARNING * * *
The gnoll barely misses you. The rat closely misses you.
You take 7 damage, and have 4/26 hp.
MASSIVE DAMAGE!!
You hit the gnoll but do no damage. The gnoll barely misses you.
The gnoll hits you with a whip.
You die...

#..........#
##..........##
............>#
#...........#
#...........#
#...........#
#.%...gg....###
#....r@........
#...........##
#######.###.#
#.# #.. #.# #.#
#.###.# #.....#
#..##.# #..##.#


You could see 2 gnolls and a rat.

Vanquished Creatures
  A gnoll (D:2)
  A bat (D:2)
  A frilled lizard (D:1)
  2 kobolds
5 creatures vanquished.

Notes
Turn   | Place    | Note
-------+----------+-------------------------------------------
     0 | D:1      | Banto the Demigod Wanderer began the quest for the Orb.
     0 | D:1      | Banto set off with: a +2 short sword, a +0 spear, a potion of lignification, a +0 robe, a bread ration
     0 | D:1      | Reached XP level 1. HP: 18/18 MP: 3/3
   103 | D:2      | Reached skill level 3 in Fighting
   103 | D:2      | Reached XP level 2. HP: 16/26 MP: 5/5
   107 | D:2      | Slain by a gnoll

Vault maps used:
D:1:      dpeg_arrival_shrine, minmay_misc_feat_diagonals,
          minmay_misc_feat_doors

Skill      XL: |  1 |
---------------+----+-----
Dodging        | 2 |  2.0
Fighting       | 3 |  3.1
Short Blades   | |  2.8
Throwing       | |  1.0
Evocations     | |  1.0

Action                   || total
-------------------------++-------
Melee: Short sword       ||    15
Armor: Robe              ||     2
Dodge: Dodged            ||    10

Table legend:
 A = Spawn XP
 B = Non-spawn XP
 C = Spawn XP percentage of total XP
 D = Spawn monster count
 E = Non-spawn monster count
 F = Spawn count percentage of total count
 G = Total turns spent on level
                    A         B        C        D         E        F      G
               +---------+---------+-------+---------+---------+-------+---------
         Total |       0 |      18 |   0.0 |       0 |       5 |   0.0 |   107
               +---------+---------+-------+---------+---------+-------+---------
           D:1 |       0 |       2 |   0.0 |       0 |       2 |   0.0 |    65
           D:2 |       0 |      16 |   0.0 |       0 |       3 |   0.0 |    42
               +---------+---------+-------+---------+---------+-------+---------

Table legend:
 A = Turns spent in this place as a percentage of turns spent in the entire game.
 B = Non-inter-level travel turns spent in this place as a percentage of non-inter-level travel turns spent in the entire game.
 C = Inter-level travel turns spent in this place as a percentage of turns spent in this place.
 D = Turns resting spent in this place as a percentage of non-inter-level travel turns spent in this place.
 E = Turns spent auto-exploring this place as a percentage of non-inter-level travel turns spent in this place.
 F = Non-inter-level travel turns spent in this place divided by the number of levels of this place that you've seen.
                   A       B       C       D       E      F
               +-------+-------+-------+-------+-------+----------------------
         Total | 100.0 | 100.0 |   0.0 |   0.0 |  38.3 |  53.5
       Dungeon | 100.0 | 100.0 |   0.0 |   0.0 |  38.3 |  53.5
               +-------+-------+-------+-------+-------+----------------------

Table legend:
 A = Kills in this place as a percentage of kills in entire the game.
 B = Kills by you in this place as a percentage of kills by you in the entire game.
 C = Kills by friends in this place as a percentage of kills by friends in the entire game.
 D = Other kills in this place as a percentage of other kills in the entire game.
 E = Experience gained in this place as a percentage of experience gained in the entire game.
 F = Experience gained in this place divided by the number of levels of this place that you have seen.
                   A       B       C       D       E      F
               +-------+-------+-------+-------+-------+----------------------
         Total | 100.0 | 100.0 |   N/A |   N/A | 100.0 |   9.0
       Dungeon | 100.0 | 100.0 |   N/A |   N/A | 100.0 |   9.0
               +-------+-------+-------+-------+-------+----------------------
